 Dungeon Crawl Stone Soup version 0.31-a0-564-g3b7de120b3 (webtiles) character file.

Game seed: 7654027791054813439

100 CraigForest the Trooper (level 4, -7/29 HPs)
             Began as a Gargoyle Fighter on Aug 17, 2023.
             Was an Initiate of Zin.
             Killed from afar by a steam dragon (12 damage)
             ... with a ball of steam
             ... on level 3 of the Dungeon.
             The game lasted 00:05:56 (1854 turns).

CraigForest the Trooper (Gargoyle Fighter)          Turns: 1854, Time: 00:05:57

Health: -7/29      AC: 13    Str: 22    XL:     4   Next: 73%
Magic:  4/4        EV:  8    Int:  8    God:    Zin [......]
Gold:   70         SH:  4    Dex:  9    Spells: 3/3 levels left

rFire   . . .        a - +0 flail
rCold   + . .        c - +0 buckler
rNeg    + . .        m - +0 chain mail
rPois   ∞            (no helmet)
rElec   +            (no cloak)
rCorr   .            (no gloves)
SInv    .            (no boots)
Will    .....        i - amulet of regeneration Stlth
                     j - ring of protection from cold
HPRegen 1.04/turn    (no ring)
MPRegen 0.09/turn

%: no passive effects
@: no status effects
A: sickness immunity, AC +3, negative energy resistance 1, electricity
resistance, torment resistance 1, petrification resistance
a: Renounce Religion, Donate Gold


You were on level 3 of the Dungeon.
You worshipped Zin.
Zin was noncommittal.
You visited 1 branch of the dungeon, and saw 3 of its levels.

You collected 77 gold pieces.
You donated 7 gold pieces to Zin.

Inventory:

Hand Weapons
 a - a +0 flail (weapon)
Armour
 b - a +0 scale mail
 c - a +0 buckler (worn)
 m - a +0 chain mail (worn)
Jewellery
 e - an amulet of faith
 i - an amulet of regeneration (around neck)
 j - a ring of protection from cold (left hand)
Scrolls
 g - 3 scrolls of fear
 k - a scroll of identify
 l - a scroll of enchant armour {unknown}
Potions
 d - a potion of might
 f - 3 potions of heal wounds
 h - a potion of berserk rage


   Skills:
 + Level 4.2 Fighting
 + Level 3.0 Maces & Flails
 + Level 3.9 Armour
 + Level 0.3 Dodging
 + Level 3.7 Shields


You had 3 spell levels left.
You didn't know any spells.
Your spell library contained the following spells:

 Spells                   Type           Power      Damage    Failure   Level
 Shock                    Conj/Air       0%         1d3       98%         1
 Ensorcelled Hibernation  Hex/Ice        0%         N/A       99%         2
 Swiftness                Air            0%         N/A       100%        3
 Airstrike                Air            0%         2d(0-16)  100%        4
 Anguish                  Hex/Necr       0%         N/A       100%        4


Dungeon Overview and Level Annotations

Branches:
Dungeon (3/15)

Altars:
Zin

Shops:
D:3 (

Annotations:
D:3 1 runed translucent door


Innate Abilities, Weirdness & Mutations

You are immune to sickness and miasma.
Your stone body is resilient. (AC +3)
You are immune to poison.
You resist negative energy. (rN+)
You are resistant to electric shocks. (rElec)
You are resistant to unholy torment.
You are immune to petrification.


Message History

The orc dies!
The ball of steam misses you. You block the orc's attack.
The orc barely misses you.
You closely miss the orc.
You are engulfed in a cloud of scalding steam.
The bat hits you but does no damage.
The orc is engulfed in a cloud of scalding steam.
The orc dies!
The orc closely misses you.
You hit the orc wizard.
The orc wizard is moderately wounded.
You are engulfed in a cloud of scalding steam.
The bat hits you but does no damage. x2
The orc wizard hits you but does no damage.
The orc is engulfed in a cloud of scalding steam.
The orc hits you but does no damage. The orc hits you with a +0 hand axe.
You see here a giant cockroach corpse.
You closely miss the orc.
The orc is severely wounded.
The bat is engulfed in a cloud of scalding steam.
The bat dies!
The steam dragon breathes steam at you. The ball of steam hits you!
Ouch! That really hurt!
* * * LOW HITPOINT WARNING * * *
The orc wizard points at you and mumbles some strange words.
The magic dart hits you but does no damage.
The orc hits you but does no damage. The orc barely misses you.
The endoplasm is engulfed in a cloud of scalding steam.
The endoplasm dies!
The steam dragon attacks as you move away!
The steam dragon bites you but does no damage.
The steam dragon claws you.
* * * LOW HITPOINT WARNING * * *
The steam dragon breathes steam at you.
The ball of steam hits the orc!!
The orc dies!
The ball of steam hits you!
You die...

....#####.#....###..........##
..### #.#.†..# #########.##
..# #.#.........# ####.# ###
#.#....####.# #....#
#.#....####.###.####
#.........#.##...#
######.##.#.#†#.#.#
#.......#..##.##.#
#.##..@.§.###.. ...
....>..§§##.##### ###
.......oD# #.# ........).....#
.........#.##..# .....)...#.#
.## ........## . . .......##
## ## ......


You could see a steam dragon (catching breath) and an orc wizard.

Vanquished Creatures
  3 adders
  A worm (D:2)
  4 dart slugs
  3 bats
  4 endoplasms
  2 giant cockroaches
  8 goblins
  6 hobgoblins
  5 jackals
  A quokka (D:1)
  7 ball pythons
  5 frilled lizards
  5 kobolds
  3 rats
57 creatures vanquished.

Vanquished Creatures (others)
  3 orcs (D:3)
  A bat (D:3)
  An endoplasm (D:3)
5 creatures vanquished.

Grand Total: 62 creatures vanquished

Notes
Turn   | Place    | Note
-------+----------+-------------------------------------------
     0 | D:1      | CraigForest the Gargoyle Fighter began the quest for the
                  | Orb.
     0 | D:1      | Reached XP level 1. HP: 14/14 MP: 1/1
   100 | D:1      | Reached XP level 2. HP: 19/19 MP: 2/2
   322 | D:1      | Reached XP level 3. HP: 24/24 MP: 3/3
   364 | D:1      | Reached skill level 4 in Fighting
  1358 | D:2      | Reached XP level 4. HP: 29/29 MP: 4/4
  1644 | D:3      | Found a runed translucent door.
  1708 | D:3      | Found a glowing silver altar of Zin.
  1739 | D:3      | Became a worshipper of Zin the Law-Giver
  1790 | D:3      | Found Cunat's Antique Weapon Boutique.
  1846 | D:3      | Noticed a steam dragon
  1854 | D:3      | Killed from afar by a steam dragon

Illustrated notes

Levels and vault maps discovered:
D:1:      matt_arrival_grand_opening, layout_basic, minmay_nonomino_d4
D:2:      layout_basic
D:3:      layout_loops_cross, nemelex_diamond_rough_becter,
          mainiacjoe_overflow_concentric_impassable, ebering_ghost_sewer_f,
          serial_shops, shop, uniq_terence

Skill      XL: |  1  2  3  4 |
---------------+-------------+-----
Fighting       | 4 |  4.2
Maces & Flails | 3 |  3.0
Armour         | |  3.9
Dodging        | |  0.3
Shields        | |  3.7

Action                     |  1- 3 |  4- 6 || total
---------------------------+-------+-------++-------
  Melee: Flail             |   114 |    49 ||   163
    Use: Scroll            |     3 |     1 ||     4
 Armour: Scale mail        |    53 |    14 ||    67
         Chain mail        |       |    11 ||    11
  Dodge: Dodged            |    58 |    28 ||    86
  Block: Buckler           |    22 |    12 ||    34

Table legend: (Time is in decaauts)
 A = Elapsed time spent in this place.
 B = Non-inter-level travel time spent in this place.
 C = Inter-level travel time spent in this place.
 D = Time resting spent in this place.
 E = Time spent auto-exploring this place.
 F = Levels seen in this place.
 G = Mean time per level.
                   A        B        C        D        E       F      G
               +--------+--------+--------+--------+--------+-----+--------+
         Total |   1904 |   1882 |     22 |     36 |   1374 |   3 |  634.7 |
       Dungeon |   1904 |   1882 |     22 |     36 |   1374 |   3 |  634.7 |
               +--------+--------+--------+--------+--------+-----+--------+

Top non-repeatable levels by time:
     D:1: 916 daAuts
     D:2: 730 daAuts
     D:3: 256 daAuts
